[Event "German-ch Blitz Women 2022"]
[Site "Magdeburg"]
[Date "2022.08.13"]
[Round "14.7"]
[White "Doll, Rebecca"]
[Black "Melamed, Tatjana"]
[Result "0-1"]
[ECO "B03"]
[WhiteElo "1933"]
[BlackElo "2380"]
[Annotator "TA"]
[PlyCount "126"]
[EventDate "2022.08.10"]
[EventType "tourn"]
[EventCountry "GER"]
[SourceTitle "playchess.com"]
[Source "ChessBase"]
[SourceQuality "1"]
[TimeControl "180+2"]

1. e4 Nf6 2. e5 Nd5 3. d4 d6 4. Bc4 Nb6 5. Bb3 e6 6. Nf3 {[%emt 0:00:06] B03: Alekhine's Defence: Four Pawns Attack.} Be7 7. O-O O-O {[%emt 0:00:02] [#]} 8. Nbd2 $146 {[%emt 0:00:19] White is better.} ({Predecessor:} 8. Qe2 d5 9. c3 c5 10. Bc2 cxd4 11. cxd4 Nc6 12. Nc3 f5 13. exf6 Bxf6 14. Rd1 {1-0 (34) Ruiz Sanchez,O (2389)-Camaton Borbor,C (2305) Santa Clara 2019}) 8... a5 9. c3 N8d7 10. Ne4 (10. Bc2 $16) 10... dxe5 $11 11. dxe5 {[%emt 0:00:06] Threatening Qd3.} Nc5 {[%emt 0:00:01] Prevents Qd3.} 12. Bc2 Qxd1 13. Rxd1 Bd7 (13... a4 $11) 14. Be3 Nxe4 15. Bxe4 {[%emt 0:00:02] Black must now prevent Bxb6.} Bc8 16. Bxb6 cxb6 17. Rd3 b5 18. Rad1 Ra6 19. Nd4 Rb6 20. f4 f6 21. exf6 Bxf6 22. g3 b4 23. Nb3 a4 24. Nc5 a3 25. bxa3 bxc3 26. Na4 Ra6 27. Nxc3 Rxa3 28. Rc1 (28. Nd5 $5 Rxa2 29. Nxf6+ gxf6 30. Rb3 $11) 28... b6 {[%emt 0:00:10] [#]} 29. Rc2 $2 (29. Nd5 $1 $11 Ra4 30. Nxf6+ gxf6 31. Bg2) 29... Ba6 $36 {[%emt 0:00:01][%mdl 2048] Black is really pushing.} 30. Rf3 {[%emt 0:00:03] [#]} Rc8 $1 31. Nd5 (31. Nb1 {was necessary.} Ra4 32. Rxc8+ Bxc8 33. Nd2 (33. Nc3 $2 Rc4 $19)) 31... Bd4+ {[%emt 0:00:05] A strong pair of Bishops.} 32. Kh1 Rxf3 33. Ne7+ Kf7 {[%emt 0:00:01] ( -> ...Rxc2)} 34. Nxc8 Rf1+ 35. Kg2 Rg1+ 36. Kh3 Bc5 37. Bxh7 $2 (37. Na7) 37... Bxc8 38. a4 Ba6 {[%emt 0:00:03] Threatens to win with ...g6.} 39. a5 Bd3 $2 40. Bxd3 $16 {[%emt 0:00:02][%mdl 4096] Endgame KRB-KRB} Ra1 41. axb6 Bxb6 42. Rc6 Bd4 43. Rc7+ (43. Bc4 $16) 43... Kf6 $14 44. Rc6 (44. Rc4 $14 e5 45. Rc6+ Ke7 46. f5) 44... Re1 (44... Kf7 $1 $11) 45. Bc4 Kf5 46. Kg2 Rd1 (46... Re3 $14) 47. Bb3 ({Don't do} 47. Rxe6 Rd2+ 48. Re2 Rxe2+ 49. Bxe2 g5 $14) (47. Bxe6+ $16 Ke4 48. h4) 47... Rd2+ $11 48. Kh3 Re2 (48... e5 $11) 49. Bc2+ Kf6 50. Bb3 (50. Bd1 $1 $14 Rb2 51. Kg4) 50... Bg1 (50... Kf5 $1 $11) 51. Kg4 ({White should play} 51. Bc4 $1 $14 Rxh2+ 52. Kg4) 51... Ke7 (51... Re3 $11 52. Bd1 Bxh2) 52. Kf3 ({White should try} 52. Bc4 $14 Re1 53. Rc7+ Kf6 54. Bb5) 52... Re1 (52... Rf2+ $11 53. Kg4 Rxh2) 53. Kg2 $14 Bd4 54. Ra6 Re3 55. Ba2 Kf6 56. Kh3 Re2 57. Kg4 Bg1 58. h3 Re3 59. Rb6 ({Better is} 59. f5 $16) 59... Bh2 $11 {[%emt 0:00:01] The position is equal.} 60. Rd6 Rxg3+ 61. Kh4 {[%emt 0:00:01] Strongly threatening Rd2.} Re3 62. Kg4 Re4 63. Kf3 Rxf4+ {[%mdl 32768] Black had all chances to win.  Weighted Error Value: White=0.46/Black=0.41. Loss on time!?} 0-1

[Event "German-ch Blitz Women 2022"]
[Site "Magdeburg"]
[Date "2022.08.13"]
[Round "14.8"]
[White "Wulf, Constanze"]
[Black "Staerk, Elisa"]
[Result "0-1"]
[ECO "A05"]
[WhiteElo "1835"]
[BlackElo "1947"]
[Annotator "TA"]
[PlyCount "174"]
[EventDate "2022.08.10"]
[EventType "tourn"]
[EventCountry "GER"]
[SourceTitle "playchess.com"]
[Source "ChessBase"]
[SourceQuality "1"]
[TimeControl "180+2"]

1. Nf3 Nf6 2. b3 g6 3. Bb2 Bg7 4. e3 O-O 5. c4 d6 6. Be2 e5 7. d3 {[%emt 0:00:15] 7.0-0 is more fashionable.} Nbd7 {[%emt 0:00:04] A15: English Opening: 1...Nf6.} 8. O-O c6 9. Nc3 Re8 {[%emt 0:00:01] [#] The position is equal.} 10. Qd2 $146 ({Predecessor:} 10. b4 Nf8 11. a4 Ne6 12. a5 Bd7 13. Nd2 h5 14. Nde4 Qe7 15. a6 b6 16. b5 {0-1 (48) Tarlev,K (2561)-Swiercz,D (2649) Chess.com INT 2020}) 10... Nf8 11. Rfe1 Bg4 12. h3 Bxf3 13. Bxf3 ({Of course not} 13. gxf3 Ne6 $17) 13... Rc8 14. b4 d5 15. cxd5 cxd5 16. Rac1 Ne6 {[%emt 0:00:23] [#]} (16... Qd6 $11) 17. a3 (17. Nxd5 $1 $16 Nxd5 18. Rxc8 Qxc8 19. Bxd5) 17... b6 {[%emt 0:00:09] [#]} (17... Qd7 $11 {remains equal.}) 18. Nb5 (18. Nxd5 $1 $16 Nxd5 19. Rxc8 Qxc8 20. Bxd5) 18... Rxc1 19. Rxc1 Qd7 20. Nc3 d4 21. Ne4 Nxe4 22. Bxe4 {[%emt 0:00:06] Strongly threatening Bc6.} f5 $2 (22... dxe3 $11 23. fxe3 Rd8) 23. Bc6 $18 Qe7 24. Bxe8 Qxe8 25. Rc4 Qd7 26. Qc2 h6 27. Rc8+ Kh7 $2 (27... Kf7 {was called for.} 28. exd4 exd4) 28. Ra8 dxe3 29. fxe3 f4 30. exf4 Nxf4 31. Qc4 g5 $2 (31... h5 32. Rc8 Qf5) 32. Qg8+ Kg6 33. Qe8+ Qxe8 34. Rxe8 Nxd3 {[%emt 0:00:01][%mdl 4096] Endgame KRB-KBN} 35. Bc3 Kf7 (35... Nf4 $142) 36. Ra8 Nf4 37. Rxa7+ Kg6 38. Rb7 Ne2+ 39. Kf2 $2 (39. Kf1 $1 $18 Nxc3 40. Rxb6+ Kf7 41. Rb7+ Kf6 42. b5) 39... Nxc3 $11 40. Rxb6+ Kf5 41. Rb7 Bf6 42. b5 e4 43. b6 Nd5 {[%emt 0:00:04] Threatens to win with ...Bd4+.} 44. Rb8 $2 (44. a4 $11 {and White has nothing to worry.}) 44... Nxb6 (44... Bd4+ $19 45. Kf1 Bxb6) 45. Ke2 ({Don't play} 45. g4+ Kf4 46. Ke2 Bd4 47. Rf8+ Kg3 $19) (45. Kf1 $17 {keeps fighting.} Nd5 46. a4) 45... Nd5 $19 46. Rb5 $2 (46. a4 {was necessary.}) 46... Ke5 {[%emt 0:00:05] aiming for ...Kd4.} 47. Rb8 $2 (47. Ra5) 47... Kd4 48. Re8 Nc3+ 49. Kd2 Nb1+ 50. Ke2 Nxa3 51. Rf8 Ke5 52. Ke3 Nc4+ 53. Ke2 Be7 54. Rh8 Bc5 55. Rxh6 Kf5 $4 (55... Ne3 $19 {and all is fine.} 56. Rh5 Kf6) 56. Rh8 $4 (56. Rc6 $18 {was the only winning move.} Bf8 57. Rxc4) 56... Ne5 {[%emt 0:00:03] White must now prevent ...Ng6.} 57. Rc8 Bd4 (57... Be7 $19 {And now ...Nd3 would win.} 58. g3 Bd6) 58. Rd8 $17 Bb6 59. Rf8+ Ke6 {[%emt 0:00:01] ...Nc6 is the strong threat.} 60. Rg8 Kf6 $1 61. Rb8 Bd4 (61... Nd7 $17 62. Rc8 Ke5) 62. Rd8 (62. Rb4 $1 $11 Bc5 63. Rxe4) 62... Bc5 63. Rc8 Be7 (63... Nd7 $1 $17 64. g3 Kf5) 64. Rc7 (64. Ke3 $11 {was the only way to keep the balance.}) 64... Ke6 (64... Bd6 $17 65. Rc8 Ke6) 65. Ra7 $2 {[%emt 0:00:02][%mdl 8192] [#]} (65. Ke3 $1 $11) 65... Nc6 $1 $19 66. Ra8 Kd5 67. Re8 Bf6 68. Rg8 (68. Ke3 $142 Bd4+ 69. Ke2) 68... Nd4+ 69. Kf2 Ke5 (69... Nf5 $142 70. Rg6 Be7) 70. Ke3 $2 (70. Ra8 Nf5 71. g3) 70... Nf5+ 71. Kf2 Kf4 (71... e3+ $142 72. Kf3 Kd4) 72. Rf8 Ke5 (72... Bd4+ $142 73. Ke1 Bc5) 73. Rg8 $1 e3+ 74. Ke2 Ke4 75. Re8+ Kf4 $2 ({Black should try} 75... Be5 $19 76. Ke1 Ng3) 76. Rf8 $2 (76. Kd3 $1 $11) 76... Ng3+ $2 (76... Be7 $19 77. Rf7 Ke4 78. Rxf5 Kxf5 79. Kxe3 Bd6) 77. Ke1 $2 (77. Kd3 $11 Ne4 78. Rf7) 77... Ne4 $2 ({Better is} 77... Ke5 $19 {Hoping for ...Be7.} 78. Kd1 Be7) 78. Ke2 $11 Nc3+ 79. Kf1 $2 (79. Kd3 $15 Nd5 80. Rf7) 79... Nd5 $19 80. Ke2 Ke4 {[%emt 0:00:00] ( -> ...Nf4+)} 81. Re8+ Be5 82. Rg8 Bf4 $2 (82... Nc3+ {mates} 83. Kf1 e2+ 84. Kf2 {[#]} Bg3+ $1 85. Kxg3 e1=Q+ 86. Kh2 Ne2 87. Re8+ Kd3 88. Rd8+ Ke3 89. Re8+ Kf2 90. Rf8+ Nf4 91. Rxf4+ gxf4 92. h4 Qg1+ 93. Kh3 Qxg2#) 83. Re8+ Be5 $2 (83... Kd4 $11 84. Kf3 Bc7 85. Re4+ Kd3) 84. Rg8 $1 Nc3+ {[%emt 0:00:00] Black mates.} 85. Kf1 e2+ 86. Ke1 Bg3+ 87. Kd2 e1=Q+ {[%emt 0:00:00] Quite a comeback for Black.  Weighted Error Value: White=0.83/Black=0.72} 0-1

[Event "German-ch Blitz Women 2022"]
[Site "Magdeburg"]
[Date "2022.08.13"]
[Round "14.9"]
[White "Stangl, Anita"]
[Black "Zschischang, Marine"]
[Result "1-0"]
[ECO "C11"]
[WhiteElo "2023"]
[BlackElo "2083"]
[Annotator "NA RC"]
[PlyCount "57"]
[EventDate "2022.08.10"]
[EventType "tourn"]
[EventCountry "GER"]
[SourceTitle "playchess.com"]
[Source "ChessBase"]
[SourceQuality "1"]
[TimeControl "180+2"]

1. e4 e6 2. Nf3 d5 3. Nc3 dxe4 4. Nxe4 Nd7 5. d4 Ngf6 6. Bd3 c5 7. dxc5 Nxc5 8. Bb5+ Bd7 9. Bxd7+ Qxd7 10. Nxf6+ gxf6 11. Qe2 O-O-O 12. O-O Rg8 13. Be3 Qc6 14. Rad1 Bd6 15. g3 Kb8 16. Nd4 Qe4 17. Nb5 Qc6 18. b4 Ne4 19. Nxa7 Qa4 20. Bb6 Nc3 21. Qc4 Nxd1 22. Rxd1 Be7 23. Rxd8+ Rxd8 24. Qc7+ Ka8 25. Qxe7 Rb8 26. Qc5 Qxa2 27. Nb5 Qb1+ 28. Kg2 Qa2 29. Nc7# 1-0

[Event "German-ch Blitz Women 2022"]
[Site "Magdeburg"]
[Date "2022.08.13"]
[Round "14.10"]
[White "Falke, Ornella"]
[Black "Schuster, Rebekka"]
[Result "0-1"]
[ECO "A04"]
[WhiteElo "1912"]
[BlackElo "1815"]
[Annotator "TA"]
[PlyCount "52"]
[EventDate "2022.08.10"]
[EventType "tourn"]
[EventCountry "GER"]
[SourceTitle "playchess.com"]
[Source "ChessBase"]
[SourceQuality "1"]
[TimeControl "180+2"]

1. Nf3 e6 2. e4 d5 3. e5 Ne7 4. d4 Nf5 5. Bd3 c5 6. c3 Nc6 7. Na3 {[%emt 0:00:19] C02: French: Advance Variation.} (7. dxc5 $11 Bxc5 8. O-O) 7... a6 {[%emt 0:00:04] [#]} (7... cxd4 $15 8. Bxf5 dxc3 9. bxc3 exf5) 8. Bg5 $146 ({Predecessor:} 8. Nc2 Qc7 9. O-O b5 10. Bxf5 exf5 11. dxc5 Be6 12. b4 Nxe5 13. Re1 Nxf3+ 14. Qxf3 Be7 {1-0 (62) Malar,P-Kunak,S Slovakia 1995}) 8... Qb6 9. Bxf5 {[%emt 0:00:36] Threatens to win with Bd3. The position is equal.} exf5 10. dxc5 ({White should try} 10. Rb1 $15) 10... Bxc5 (10... Qxb2 $17 11. Qc1 Qxc1+ 12. Rxc1 Bxc5) 11. Qe2 $15 O-O 12. b4 {[%emt 0:00:08] [#]} (12. O-O $15) 12... Bxb4 $1 $17 13. cxb4 Qxb4+ 14. Qd2 Qxa3 15. O-O Be6 16. Rab1 b5 17. Rb3 {[%emt 0:00:04] [#]} Qa5 (17... Qa4 $1 $17 {And now ...Rfc8 would win.} 18. Rc3 Rac8) 18. Qc2 $2 ({White should play} 18. Rc3 $1 $15 Qb6 19. Bh6) 18... Rac8 $19 19. Qb2 Qc7 20. Rc1 d4 21. Nxd4 {[%emt 0:00:13] [#]} Qxe5 $2 22. Nxc6 $18 Qxb2 23. Rxb2 {Ne7+ is the strong threat.} f6 $2 (23... Kh8 {was necessary.} 24. Rbc2 h6) 24. Ne7+ Kf7 25. Nxc8 Bxc8 26. Rc7+ Kg6 {[%mdl 32768] Weighted Error Value: White=0.43/Black=0.73. Sensor Board Error (Ke4/e5)?} 0-1

[Event "German-ch Blitz Women 2022"]
[Site "Magdeburg"]
[Date "2022.08.13"]
[Round "14.11"]
[White "Kosovska, Olena"]
[Black "Fock, Sana"]
[Result "1-0"]
[ECO "B23"]
[WhiteElo "1831"]
[BlackElo "1807"]
[Annotator "NA RC COMBH"]
[PlyCount "56"]
[EventDate "2022.08.10"]
[EventType "tourn"]
[EventCountry "GER"]
[SourceTitle "playchess.com"]
[Source "ChessBase"]
[SourceQuality "1"]
[TimeControl "180+2"]

1. e4 c5 2. Nc3 d6 3. f4 Nc6 4. Nf3 g6 5. Bb5 Bd7 6. O-O Bg7 7. d3 e6 8. Bxc6 Bxc6 9. f5 exf5 10. exf5 Be5 11. Qe2 f6 12. fxg6 hxg6 13. Nxe5 dxe5 14. Be3 Qd6 15. Qg4 f5 16. Qc4 O-O-O 17. Bxc5 Qc7 18. Bf2 Ne7 19. Rae1 Rh7 20. Qe6+ Bd7 21. Qxe5 Rdh8 22. Bg3 Qb6+ 23. Rf2 Nc6 24. Qd6 Re8 25. Rxe8+ Bxe8 26. Qe6+ Rd7 27. Nd5 Qd8 28. Nf6 Bf7 1-0

[Event "German-ch Blitz Women 2022"]
[Site "Magdeburg"]
[Date "2022.08.13"]
[Round "14.12"]
[White "Leveikina, Jevgenija"]
[Black "Heil, Marina"]
[Result "1-0"]
[ECO "A80"]
[WhiteElo "2061"]
[BlackElo "1926"]
[Annotator "NA RC"]
[PlyCount "59"]
[EventDate "2022.08.10"]
[EventType "tourn"]
[EventCountry "GER"]
[SourceTitle "playchess.com"]
[Source "ChessBase"]
[SourceQuality "1"]
[TimeControl "180+2"]

1. d4 f5 2. Bg5 Nf6 3. Bxf6 exf6 4. e3 d5 5. c4 Be6 6. cxd5 Bxd5 7. Nc3 Bf7 8. Bd3 g6 9. Nge2 Nc6 10. O-O a6 11. Rc1 Bd6 12. e4 fxe4 13. Bxe4 Qd7 14. Re1 O-O 15. Ng3 Rab8 16. a3 Bxg3 17. hxg3 Qxd4 18. Bxc6 Qxd1 19. Rexd1 bxc6 20. b4 Bc4 21. Ne4 Bb5 22. Nc5 Rfe8 23. Rd7 Rbc8 24. Rcd1 Re5 25. R1d4 a5 26. Ne4 f5 27. Nf6+ Kf8 28. Nxh7+ Ke8 29. Nf6+ Kf8 30. Rh7 1-0

[Event "German-ch Blitz Women 2022"]
[Site "Magdeburg"]
[Date "2022.08.13"]
[Round "15.1"]
[White "Heil, Marina"]
[Black "Paehtz, Elisabeth"]
[Result "0-1"]
[ECO "A10"]
[WhiteElo "1926"]
[BlackElo "2484"]
[Annotator "TA"]
[PlyCount "68"]
[EventDate "2022.08.10"]
[EventType "tourn"]
[EventCountry "GER"]
[SourceTitle "playchess.com"]
[Source "ChessBase"]
[SourceQuality "1"]
[TimeControl "180+2"]

1. c4 b6 2. Nc3 Bb7 3. e4 e6 4. d3 Bb4 5. Nge2 Nf6 6. a3 {[%emt 0:00:04] A10: English Opening: Unusual Replies for Black.} Be7 7. g3 {[%emt 0:00:04] [#]} d5 $146 ({Predecessor:} 7... O-O 8. Bg2 d6 9. O-O Nc6 10. b4 e5 11. f4 Nd4 12. h3 Nd7 13. Nd5 c6 14. Nxe7+ Qxe7 {1-0 (32) Leon,C (1753)-Potvin,D (1565) Gatineau 2014}) 8. cxd5 {[%emt 0:00:12] White is better.} exd5 9. e5 Nfd7 10. d4 Nxe5 11. dxe5 $18 {[%emt 0:00:32] Threatens to win with Bg2.} d4 {[%emt 0:00:00] [#]} 12. Rg1 dxc3 $11 13. Qxd8+ ({Much weaker is} 13. Nxc3 Qxd1+ 14. Kxd1 Nc6 $17) 13... Bxd8 14. Nxc3 Nd7 (14... Nc6 $11) 15. f4 $1 $14 Be7 16. Bg2 Bxg2 (16... O-O-O {with more complications.} 17. Be3 f6 18. Bh3 fxe5 19. O-O-O Bf3) 17. Rxg2 Nc5 18. Be3 (18. Nd5 $5 Nb3 19. Rb1 $14 (19. Nxc7+ Kd7 $11)) 18... Nd3+ 19. Kf1 {[%emt 0:00:01] Strongly threatening Nd5.} O-O-O $1 20. a4 (20. Rd2 $14) 20... Bb4 21. Nb5 Kb7 22. Rc2 c6 23. Nc3 Nxb2 24. Na2 (24. Ne4 $15 Nd3 25. a5) 24... Nd3 $36 {[%emt 0:00:05][%mdl 2048] Black is really pushing. Black is more active.} 25. Nxb4 (25. Rb1 $17 c5 26. Ke2) 25... Nxb4 $19 26. Rb2 a5 27. Ke2 Rd5 28. Bd2 c5 29. Be3 Rhd8 30. Rc1 $2 (30. Rb3) 30... Nd3 {[%emt 0:00:03] Black is clearly winning.} 31. Rcb1 Nxb2 32. Rxb2 Kc6 33. h3 Rd3 34. g4 Ra3 {[%emt 0:00:02] Never resign too early!  Weighted Error Value: White=0.46/Black=0.17 (very precise)} 0-1

[Event "German-ch Blitz Women 2022"]
[Site "Magdeburg"]
[Date "2022.08.13"]
[Round "15.2"]
[White "Fock, Sana"]
[Black "Leveikina, Jevgenija"]
[Result "0-1"]
[ECO "B15"]
[WhiteElo "1807"]
[BlackElo "2061"]
[Annotator "NA RC"]
[PlyCount "85"]
[EventDate "2022.08.10"]
[EventType "tourn"]
[EventCountry "GER"]
[SourceTitle "playchess.com"]
[Source "ChessBase"]
[SourceQuality "1"]
[TimeControl "180+2"]

1. e4 c6 2. d4 d5 3. Nd2 dxe4 4. Nxe4 Nf6 5. Nxf6+ exf6 6. Nf3 Bd6 7. Bd3 O-O 8. O-O Bg4 9. c3 Qc7 10. h3 Bh5 11. Be3 Nd7 12. Be2 f5 13. Nh4 Bg6 14. Nxg6 hxg6 15. Bf3 Nf6 16. Bg5 Ne4 17. Bxe4 fxe4 18. Qg4 f5 19. Qh4 Rae8 20. Rae1 Qf7 21. a3 Qd5 22. Bf4 Be7 23. Bg5 Bf6 24. Bxf6 Rxf6 25. g4 f4 26. f3 e3 27. Re2 g5 28. Qe1 Rh6 29. Rh2 Rh4 30. Kg2 Qb5 31. Kg1 Re6 32. Qe2 Qxe2 33. Rxe2 Rxh3 34. Rh2 Rg3+ 35. Rg2 e2 36. Re1 Rxf3 37. Rf2 Rg3+ 38. Rg2 Rge3 39. Kf2 Kf7 40. Kg1 Kg6 41. Rh2 R6e4 42. Rh8 f3 43. Rd8 0-1

[Event "German-ch Blitz Women 2022"]
[Site "Magdeburg"]
[Date "2022.08.13"]
[Round "15.3"]
[White "Schuster, Rebekka"]
[Black "Kosovska, Olena"]
[Result "1/2-1/2"]
[ECO "B32"]
[WhiteElo "1815"]
[BlackElo "1831"]
[Annotator "NA RC COMBH"]
[PlyCount "47"]
[EventDate "2022.08.10"]
[EventType "tourn"]
[EventCountry "GER"]
[SourceTitle "playchess.com"]
[Source "ChessBase"]
[SourceQuality "1"]
[TimeControl "180+2"]

1. e4 c5 2. Nf3 Nc6 3. d4 cxd4 4. Nxd4 e5 5. Nb3 Nf6 6. Nc3 Bb4 7. f3 O-O 8. Bd2 d5 9. exd5 Nxd5 10. Nxd5 Qxd5 11. Bxb4 Nxb4 12. Qxd5 Nxd5 13. O-O-O Nf4 14. Re1 Re8 15. g3 Nd5 16. Bc4 Nb6 17. Bb5 Bd7 18. Bxd7 Nxd7 19. Rd1 Nf6 20. Nc5 b6 21. Nd3 e4 22. fxe4 Rxe4 23. Rhe1 Rae8 24. Rxe4 1/2-1/2

[Event "German-ch Blitz Women 2022"]
[Site "Magdeburg"]
[Date "2022.08.13"]
[Round "15.4"]
[White "Zschischang, Marine"]
[Black "Falke, Ornella"]
[Result "1/2-1/2"]
[ECO "A46"]
[WhiteElo "2083"]
[BlackElo "1912"]
[Annotator "NA RC"]
[PlyCount "49"]
[EventDate "2022.08.10"]
[EventType "tourn"]
[EventCountry "GER"]
[SourceTitle "playchess.com"]
[Source "ChessBase"]
[SourceQuality "1"]
[TimeControl "180+2"]

1. d4 Nf6 2. Nf3 e6 3. Bg5 h6 4. Bh4 g5 5. Bg3 c5 6. e3 Nc6 7. c3 Bg7 8. Nbd2 cxd4 9. exd4 d6 10. Bd3 Ne7 11. Qe2 b6 12. Nc4 d5 13. Nce5 Bd7 14. O-O a6 15. a4 Nh5 16. Rfe1 Nxg3 17. fxg3 g4 18. Nh4 h5 19. Qf2 Bxe5 20. Rxe5 Rh6 21. Qf4 Ng8 22. Rf1 Qe7 23. b3 b5 24. a5 Rc8 25. Qd2 1/2-1/2

[Event "German-ch Blitz Women 2022"]
[Site "Magdeburg"]
[Date "2022.08.13"]
[Round "15.5"]
[White "Staerk, Elisa"]
[Black "Stangl, Anita"]
[Result "0-1"]
[ECO "D31"]
[WhiteElo "1947"]
[BlackElo "2023"]
[Annotator "NA RC"]
[PlyCount "85"]
[EventDate "2022.08.10"]
[EventType "tourn"]
[EventCountry "GER"]
[SourceTitle "playchess.com"]
[Source "ChessBase"]
[SourceQuality "1"]
[TimeControl "180+2"]

1. d4 e6 2. c4 d5 3. Nc3 c6 4. e3 f5 5. Nf3 Bd6 6. Be2 Nf6 7. O-O Nbd7 8. b3 Ne4 9. Bb2 O-O 10. Nd2 Qh4 11. f4 Rf6 12. Rf3 Rh6 13. Rh3 Qf2+ 14. Kh1 Rxh3 15. gxh3 Qxe3 16. Ndxe4 fxe4 17. Bg4 Nf6 18. Qe2 Bxf4 19. Qxe3 Bxe3 20. Ne2 Nxg4 21. hxg4 e5 22. dxe5 Bxg4 23. Nd4 c5 24. h3 Bxh3 25. Nc2 d4 26. Nxe3 dxe3 27. Re1 Rd8 28. Bc1 Bg4 29. Bxe3 b6 30. Bg5 Re8 31. Bf4 Bf3+ 32. Kh2 Re6 33. Kg3 h6 34. Kf2 g5 35. Bg3 h5 36. Ke3 h4 37. Bf2 h3 38. Bg3 Rh6 39. Bh2 Bg2 40. Rd1 Rh7 41. Rd8+ Kg7 42. Rd7+ Kg6 43. e6 0-1

[Event "German-ch Blitz Women 2022"]
[Site "Magdeburg"]
[Date "2022.08.13"]
[Round "15.6"]
[White "Melamed, Tatjana"]
[Black "Wulf, Constanze"]
[Result "1-0"]
[ECO "B01"]
[WhiteElo "2380"]
[BlackElo "1835"]
[Annotator "TA"]
[PlyCount "31"]
[EventDate "2022.08.10"]
[EventType "tourn"]
[EventCountry "GER"]
[SourceTitle "playchess.com"]
[Source "ChessBase"]
[SourceQuality "1"]
[TimeControl "180+2"]

1. e4 d5 2. exd5 Qxd5 3. Nc3 Qd6 4. d4 Nf6 5. Nf3 a6 6. Bd3 {B01: Scandinavian Defence.} b5 (6... g6 $14) 7. O-O (7. a4 $16) 7... Bb7 $1 $14 8. Qe2 {White is better.} (8. Ng5 {is more complex.} Nbd7 9. a4 b4 10. Nce4) 8... e6 9. Ne4 {[#]} Nxe4 $146 ({Predecessor:} 9... Qd5 10. Ng3 Be7 11. b3 O-O 12. c4 bxc4 13. bxc4 Qd8 14. Rb1 Qc8 15. d5 Bd6 {1-0 (25) Decker,N (2105)-Schulze,M (2222) Playchess.com INT 2021}) 10. Bxe4 Qb6 {[#] A mistake that costs the game.} (10... Bxe4 $14 11. Qxe4 Qc6) 11. d5 $18 Nd7 12. dxe6 fxe6 (12... Qxe6 13. Ng5 Qe7 14. Nxf7 (14. Re1 Bxe4 15. Nxe4 O-O-O $16) 14... Nf6) 13. Bxb7 Qxb7 14. Qxe6+ Kd8 15. Bg5+ (15. Ne5 $142 c6 16. Rd1 Bd6 17. Rxd6 Ra7 18. Rxc6 Qc7 19. Nf7+ Kc8 20. Bf4) 15... Kc8 16. Qe8# {Weighted Error Value: White=0.20 (precise) /Black=1.26} 1-0

[Event "German-ch Blitz Women 2022"]
[Site "Magdeburg"]
[Date "2022.08.13"]
[Round "15.7"]
[White "Schulze, Lara"]
[Black "Doll, Rebecca"]
[Result "1-0"]
[ECO "C47"]
[WhiteElo "2292"]
[BlackElo "1933"]
[Annotator "TA"]
[PlyCount "79"]
[EventDate "2022.08.10"]
[EventType "tourn"]
[EventCountry "GER"]
[SourceTitle "playchess.com"]
[Source "ChessBase"]
[SourceQuality "1"]
[TimeControl "180+2"]

1. e4 e5 2. Nf3 Nc6 3. Nc3 Nf6 4. d4 exd4 5. Nxd4 Nxe4 6. Nxe4 Qe7 7. f3 d5 {[%emt 0:00:18][%mdl 64] Pin} 8. Nxc6 {[%emt 0:00:23] C47: Scotch Four Knights and Four Knights with 4 g3.} (8. Bb5 $5 Bd7 9. Bxc6 bxc6 10. O-O $1 dxe4 11. Re1 $14) 8... bxc6 9. Be2 {[%emt 0:00:24] Black must now prevent Nc3.} dxe4 10. O-O {[%emt 0:00:01] [#] Black has an edge.} Qc5+ $146 ({Predecessor:} 10... Qe5 11. fxe4 Bd6 12. Bf4 Qc5+ 13. Kh1 Bxf4 14. Rxf4 O-O 15. Bd3 Qe5 16. Qc1 Be6 {0-1 (32) Fiorito,F (2380)-Kolosowski,M (2448) Chess.com INT 2020}) 11. Kh1 Bd6 12. fxe4 O-O ({Don't do} 12... Qe5 13. Bf4 Qe6 14. e5 $16) 13. Bd3 Be6 14. Qf3 Qe5 15. g3 Rab8 16. c3 c5 $2 {[%emt 0:00:17] A mistake that costs the game.} (16... Rfd8 $15 {keeps the upper hand.}) 17. Bf4 $18 Qf6 {[%emt 0:00:18] [#]} 18. e5 $1 Bxe5 19. Qh5 $40 {[%emt 0:00:01][%csl Gd3][%cal Rh5h7][%mdl 128] Black is in trouble.} Bd5+ 20. Kg1 Bd4+ 21. cxd4 {[%emt 0:00:04] Really sharp!} Qxd4+ 22. Rf2 g6 (22... Qxd3 $2 23. Rd1 Bf3 24. Qxf3 (24. Rxd3 Bxh5 25. Rd5 Bg4 $11) 24... Qxf3 25. Rxf3 $18) 23. Qe2 {[%emt 0:00:04] aiming for Qc2.} Rfe8 $2 (23... c4) 24. Qc2 c4 25. Bf1 Qe4 26. Qxe4 Rxe4 27. Bg2 Rd4 28. Bxd5 Rxd5 29. Rc1 Rb4 30. Rfc2 Rd4 31. Kf2 f6 32. Be3 Re4 33. Kf3 f5 34. Bd2 Ra4 35. a3 {[%emt 0:00:01] White is clearly winning.} a5 (35... Kf7 $142 36. Bb4 Ke6 37. Rxc4 Rxc4 38. Rxc4 Kd7) 36. Bc3 Kf7 37. Rd2 Ke6 38. Rcd1 {[%emt 0:00:01] Rd7 is the strong threat.} c5 39. Re2 Rxe2 40. Kxe2 {[%emt 0:00:01] Weighted Error Value: White=0.20 (precise) /Black=0.51} 1-0